 Dungeon Crawl Stone Soup version 0.27-a0-1202-ge72e49191c (webtiles) character file.

Game seed: 18323473092100889818

16 Feb132020 the Firebug (level 2, -1/15 HPs)
             Began as a Tengu Fire Elementalist on June 2, 2021.
             Succumbed to an adder's poison
             ... on level 2 of the Dungeon on June 3, 2021.
             The game lasted 00:03:53 (1210 turns).

Feb132020 the Firebug (Tengu Fire Elementalist)     Turns: 1210, Time: 00:03:54

Health: -1/15      AC:  2    Str:  8    XL:     2   Next: 58%
Magic:  4/6        EV: 12    Int: 15    God:
Gold:   73         SH:  0    Dex: 14    Spells: 4/5 levels left

rFire    . . .     SeeInvis .   b - +0 dagger
rCold    . . .     Faith    .   (no shield)
rNeg     . . .     Spirit   .   a - +0 robe
rPois    .         Reflect  .   (helmet restricted)
rElec    .         Harm     .   (no cloak)
rCorr    .         Rampage  .   (no gloves)
Will     .....                  (boots unavailable)
Stlth    ++........             (no amulet)
HPRegen  0.05/turn              (no ring)
MPRegen  0.10/turn              (no ring)

@: lethally poisoned (-1 -> -11)
A: beak, talons 3
a: no special abilities


You were on level 2 of the Dungeon.
You visited 1 branch of the dungeon, and saw 2 of its levels.

You collected 73 gold pieces.

Inventory:

Hand Weapons
 b - a +0 dagger (weapon)
Armour
 a - a +0 robe (worn)
Scrolls
 e - a scroll of magic mapping {unknown}
Potions
 c - a potion of haste {unknown}
 d - a potion of flight {unknown}


   Skills:
 + Level 0.2 Short Blades
 + Level 2.2 Dodging
 + Level 2.3 Stealth
 + Level 2.1 Spellcasting
 + Level 1.4 Conjurations
 + Level 3.8 Fire Magic


You had 4 spell levels left.
You knew the following spells:

 Your Spells              Type           Power      Damage    Failure   Level
a - Foxfire               Conj/Fire      36%        2x1d5     8%          1

Your spell library contained the following spells:

 Spells                   Type           Power      Damage    Failure   Level
 Animate Skeleton         Necr           2%         N/A       22%         1
 Pain                     Necr           4%         1d4       22%         1
 Conjure Flame            Conj/Fire      9%         6-21      22%         3
 Inner Flame              Hex/Fire       7%         N/A       30%         3
 Vampiric Draining        Necr           0%         2d6       54%         3
 Sticky Flame             Conj/Fire      9%         2d3       58%         4
 Animate Dead             Necr           0%         N/A       91%         4
 Fireball                 Conj/Fire      4%         3d4       90%         5
 Agony                    Necr           1%         N/A       99%         5


Dungeon Overview and Level Annotations

Branches:
Dungeon (2/15)

Altars:

Shops:
D:1 [


Innate Abilities, Weirdness & Mutations

You have a beak for a mouth.
You have claws for feet.


Message History

Casting: Foxfire (safe; 8% risk of failure)
Confirm with . or Enter, or press ? or * to list all spells.
You conjure some foxfire!
The foxfire hits the adder but does no damage.
The foxfire hits the adder.
The adder is moderately wounded.
Found a spear.
The adder bites you but does no damage. The adder closely misses you.
The adder barely misses you. The adder barely misses you.
A frilled lizard comes into view.
The adder bites you.
Found a scroll of immolation.
Found a faded altar of an unknown god.
A giant cockroach comes into view.
The adder bites you.
Casting: Foxfire (safe; 8% risk of failure)
Confirm with . or Enter, or press ? or * to list all spells.
You conjure some foxfire!
The adder bites you.
You are poisoned.
The adder poisons you!
Unknown command.
You feel sick.
The foxfire hits the frilled lizard.
You kill the frilled lizard!
The foxfire hits the adder.
The adder is moderately wounded.
Casting: Foxfire (safe; 8% risk of failure)
Confirm with . or Enter, or press ? or * to list all spells.
You conjure some foxfire!
You feel sick. The adder bites you.
* * * LOW HITPOINT WARNING * * *
You are more poisoned.
The adder poisons you! The adder barely misses you.
Unknown command.
* * * LOW HITPOINT WARNING * * *
You feel sick.
The foxfire hits the adder.
The adder is moderately wounded.
The foxfire hits the adder but does no damage.
The adder is moderately wounded.
You see here a frilled lizard corpse.
You die...

#.# ..# #.# #.
#.# #..# ... #.
#.#########..#
... ..
#.............
..... ..
#..#..##.##.##
.###. ..
#..........#.#..
....
##...S.......# .
##..B†#...#..#
.. #.....@.....#
#..+.#.._.....
#..#.........#
#..#...#.....#
#. .....#...##
#....#.. #..#
.....##. #...
#..... ...


You could see an adder and a giant cockroach.

Vanquished Creatures
  2 bats
  2 goblins
  2 hobgoblins
  2 quokkas
  2 ball pythons (D:1)
  2 frilled lizards
  2 kobolds (D:1)
  A rat (D:1)
15 creatures vanquished.

Vanquished Creatures (others)
  20 foxfires
20 creatures vanquished.

Grand Total: 35 creatures vanquished

Notes
Turn   | Place    | Note
-------+----------+-------------------------------------------
     0 | D:1      | Feb132020 the Tengu Fire Elementalist began the quest for
                  | the Orb.
     0 | D:1      | Reached XP level 1. HP: 10/10 MP: 4/4
   466 | D:1      | Found Ecweadgh's Armour Shop.
   527 | D:1      | Reached XP level 2. HP: 15/15 MP: 6/6
  1203 | D:2      | Found a faded altar of an unknown god.
  1210 | D:2      | Succumbed to an adder's poison

Illustrated notes

Levels and vault maps discovered:
D:1:      dpeg_arrival_long_road, layout_basic, serial_shops, shop
D:2:      layout_loops_ring, hellmonk_ecumenical_altar_blasted,
          minmay_curled_crystal

Action                   || total
-------------------------++-------
Melee: Dagger            ||    21
       Kick              ||     5
       Peck              ||     4
 Cast: Foxfire           ||    11
 Stab: Sleeping          ||     1
Armor: Robe              ||     8
Dodge: Dodged            ||    17

Table legend: (Time is in decaauts)
 A = Elapsed time spent in this place.
 B = Non-inter-level travel time spent in this place.
 C = Inter-level travel time spent in this place.
 D = Time resting spent in this place.
 E = Time spent auto-exploring this place.
 F = Levels seen in this place.
 G = Mean time per level.
                   A        B        C        D        E       F      G
               +--------+--------+--------+--------+--------+-----+--------+
         Total |   1209 |   1160 |     49 |      0 |   1043 |   2 |  604.5 |
       Dungeon |   1209 |   1160 |     49 |      0 |   1043 |   2 |  604.5 |
               +--------+--------+--------+--------+--------+-----+--------+

Top non-repeatable levels by time:
     D:1: 1044 daAuts
     D:2: 164 daAuts
